Map: Orbital Shipyard

Players

DrennoC

  • Race: Terran Terran

Beastyqt - Winner!

  • Race: Terran Terran

VOD

Have the link to the VOD?

Description

Time

  • Played on: April 3, 2015, 3:06 p.m.
  • Length: 3:32
Show
View Real Time Build Order
Export as new Build Order

DrennoC Terran 

Build Orders:  

Get SALT Encoding   

  12  0:01  SCV  
  13  0:15  SCV  
  14  0:24  Supply Depot  
  14  0:27  SCV  
  15  0:37  Refinery  
  15  0:38  Refinery  
  15  0:46  SCV  
  16  0:53  Barracks  
  16  0:58  SCV  
  17  1:10  SCV  
  18  1:22  SCV  
  19  1:33  Supply Depot  
  19  1:35  SCV  
  20  1:43  Marine  
  21  1:56  SCV  
  22  2:10  Command Center  
  22  2:13  Marine  
  24  2:23  Orbital Command  
  22  2:32  Marine  
  22  2:52  Barracks  
  22  3:02  Marine  
  23  3:10  SCV  
Show
View Real Time Build Order
Export as new Build Order

Beastyqt Terran - Winner!

Build Orders:  

Get SALT Encoding   

  12  0:01  SCV  
  13  0:13  Supply Depot  
  13  0:17  SCV  
  14  0:39  Refinery  
  14  0:41  SCV  
  15  0:57  Barracks  
  15  1:01  SCV  
  16  1:05  Barracks  
  16  1:13  SCV  
  17  1:25  Supply Depot  
  17  1:26  SCV  
  18  1:44  Orbital Command  
  18  1:45  Reaper  
  19  1:54  Reaper  
  20  2:05  Supply Depot  
  19  2:10  SCV  
  20  2:17  Reaper  
  20  2:22  SCV  
  22  2:26  Reaper  
  22  2:29  Bunker  
  23  2:34  SCV  
  22  2:49  Reaper  
  23  2:54  Command Center  
  23  2:56  SCV  
  23  2:59  Reaper  
  23  3:00  Refinery  
  24  3:08  SCV  
Tags
 
Add a new tag
Caveats
  • Supply blocks, unpowered buildings, or Contaminate may cause inaccurate times.
  • Supply counts are checked every 10 seconds.